 Dungeon Crawl Stone Soup version 0.27-a0-1548-gf8a67e7463 (webtiles) character file.

Game seed: 9433840692696434434

125 flotson the Sneak (level 5, 0/33 HPs)
             Began as a Gargoyle Delver on July 14, 2021.
             Slain by an ogre (21 damage)
             ... on level 4 of the Dungeon.
             The game lasted 00:03:00 (1085 turns).

flotson the Sneak (Gargoyle Delver)                 Turns: 1085, Time: 00:03:00

Health: 0/33       AC: 10    Str: 17    XL:     5   Next: 9%
Magic:  5/5        EV: 11    Int: 10    God:
Gold:   8          SH:  0    Dex: 11    Spells: 4/4 levels left

rFire    . . .     SeeInvis .   b - +0 trident
rCold    . . .     Faith    .   (no shield)
rNeg     + . .     Spirit   .   k - +0 ring mail
rPois    ∞         Reflect  .   (no helmet)
rElec    +         Harm     .   (no cloak)
rCorr    .         Rampage  .   i - +0 pair of gloves
Will     .....                  (no boots)
Stlth    ++........             (no amulet)
HPRegen  0.11/turn              (no ring)
MPRegen  0.09/turn              (no ring)

@: no status effects
A: sickness immunity, AC +4, negative energy resistance 1, electricity
resistance, torment resistance 1, petrification resistance
a: no special abilities


You were on level 4 of the Dungeon.
You visited 2 branches of the dungeon, and saw 4 of its levels.

You collected 8 gold pieces.

Inventory:

Hand Weapons
 a - a +0 hand axe
 b - a +0 trident (weapon)
Armour
 i - a +0 pair of gloves (worn)
 k - a +0 ring mail (worn)
Wands
 f - a wand of flame (16)
 g - a wand of digging (3)
Scrolls
 c - a scroll of fog
 d - a scroll of blinking {unknown}
 e - a scroll of fear
Potions
 h - 2 potions of berserk rage {unknown}
 j - a potion of ambrosia {unknown}


   Skills:
 + Level 4.0 Fighting
 + Level 2.5 Axes
 + Level 1.9 Armour
 + Level 2.3 Dodging
 - Level 5.4 Stealth
 + Level 1.5 Evocations


You had 4 spell levels left.
You didn't know any spells.
Your spell library was empty.

Dungeon Overview and Level Annotations

Branches:
Dungeon (5/15)             Temple (1/1) D:4

Altars:
Ashenzari
Dithmenos
Gozag
Hepliaklqana
Kikubaaqudgha
Okawaru
Qazlal
Sif Muna
Uskayaw
Xom
Yredelemnul

Shops:
D:5 (

Annotations:
D:5 3 runed translucent doors, bande's ghost, novice GrFi


Innate Abilities, Weirdness & Mutations

You are immune to sickness and miasma.
Your stone body is resilient. (AC +4)
You are immune to poison.
You resist negative energy. (rN+)
You are resistant to electric shocks. (rElec)
You are resistant to unholy torment.
You are immune to petrification.


Message History

The scorpion stings you. The scorpion barely misses you.
You hit the scorpion.
The scorpion is almost dead.
The scorpion stings you.
You are too injured to fight recklessly!
You are too injured to fight recklessly!
You are too injured to fight recklessly!
You are too injured to fight recklessly!
You are too injured to fight recklessly!
You are too injured to fight recklessly!
You are too injured to fight recklessly!
You are too injured to fight recklessly!
You are too injured to fight recklessly!
You are too injured to fight recklessly!
You closely miss the scorpion.
The scorpion is almost dead.
The scorpion barely misses you. The scorpion closely misses you.
You barely miss the scorpion.
The scorpion is almost dead.
The scorpion stings you but does no damage.
You hit the scorpion.
You kill the scorpion!
Your Fighting skill increases to level 4!
You have reached level 5!
You see here a scorpion corpse.
You see here a +0 leather armour.
There is an open door here.
You open the door.
Found an escape hatch in the ceiling.
There is an open door here.
An ogre comes into view. It is wielding a +0 giant club.
The ogre shouts!
You puncture the ogre!
The ogre is moderately wounded.
The ogre hits you with a +0 giant club!
You closely miss the ogre.
The ogre is moderately wounded.
The ogre hits you with a +0 giant club!!
Ouch! That really hurt!
You die...

#.# #....... #.#
###.##.. ##.## #.....
#...# .#.. #...# #.#.#
#...# #.. #.# #...# ...
.....######...######..#
#..'..# .##.
###.#.....#..# .
#...#.....##.# #
#.###.....##.#


You could see an ogre.

Vanquished Creatures
  A scorpion (D:4)
  A hound (D:4)
  A centaur skeleton (D:4)
  A worm (D:4)
  An orc (D:4)
  2 hobgoblins (D:4)
  A ball python (D:4)
8 creatures vanquished.

Notes
Turn   | Place    | Note
-------+----------+-------------------------------------------
     0 | D:5      | flotson the Gargoyle Delver began the quest for the Orb.
     0 | D:5      | Reached XP level 1. HP: 14/14 MP: 1/1
     2 | D:5      | Found Etha's Antique Weapon Emporium.
    39 | D:5      | Noticed an ogre
   143 | D:5      | Noticed a water moccasin zombie
   160 | D:5      | Noticed a scorpion
   167 | D:5      | Noticed an ogre
   167 | D:5      | Noticed an ogre
   179 | D:5      | Found a runed translucent gate.
   184 | D:5      | Found a runed translucent gate.
   184 | D:5      | Found a runed translucent gate.
   184 | D:5      | Noticed bande's ghost (novice GrFi)
   324 | D:4      | Noticed a phantom
   369 | D:4      | Reached skill level 1 in Armour
   369 | D:4      | Reached XP level 2. HP: 5/19 MP: 2/2
   369 | D:4      | Reached XP level 3. HP: 6/23 MP: 3/3
   635 | D:3      | Found a hazy altar of Hepliaklqana.
   728 | D:4      | Found a staircase to the Ecumenical Temple.
   734 | Temple   | Entered the Ecumenical Temple
   839 | D:4      | Reached skill level 1 in Evocations
   839 | D:4      | Reached XP level 4. HP: 29/29 MP: 4/4
   870 | D:4      | Noticed a scorpion
   882 | D:4      | Killed a scorpion
   883 | D:4      | Reached XP level 5. HP: 16/33 MP: 5/5
  1079 | D:4      | Noticed an ogre
  1085 | D:4      | Slain by an ogre

Illustrated notes

Levels and vault maps discovered:
D:3:      layout_rooms, nicolae_overflow_hidden_temple,
          kennysheep_generic_room_14
D:4:      layout_loops_cross, temple_green
D:5:      minmay_chambers_of_threes, layout_basic, lemuel_doored_altar,
          gammafunk_ghost_necromancy, serial_shops, nicolae_inconvenience_store
Temple:   eino_temple_lava

Skill      XL: |  1  2  3  4 |
---------------+-------------+-----
Axes           | 2 |  2.5
Armour         | 1 |  1.9
Dodging        | 2 |  2.3
Evocations     | 1 |  1.5
Fighting       | 4 |  4.0
Stealth        | |  5.4

Action                   |  1- 3 |  4- 6 || total
-------------------------+-------+-------++-------
Melee: Hand axe          |     7 |       ||     7
       Trident           |    12 |    17 ||    29
  Use: Scroll            |     1 |       ||     1
       Potion            |     1 |       ||     1
 Stab: Sleeping          |     2 |       ||     2
Armor: Skin              |     6 |       ||     6
       Scale mail        |     5 |       ||     5
       Ring mail         |     2 |     3 ||     5
Dodge: Dodged            |    20 |    10 ||    30

Table legend: (Time is in decaauts)
 A = Elapsed time spent in this place.
 B = Non-inter-level travel time spent in this place.
 C = Inter-level travel time spent in this place.
 D = Time resting spent in this place.
 E = Time spent auto-exploring this place.
 F = Levels seen in this place.
 G = Mean time per level.
                   A        B        C        D        E       F      G
               +--------+--------+--------+--------+--------+-----+--------+
         Total |   1074 |   1066 |      8 |      0 |    789 |   4 |  268.5 |
       Dungeon |   1060 |   1059 |      1 |      0 |    789 |   3 |  353.3 |
        Temple |     13 |      6 |      7 |      0 |      0 |   1 |   13.0 |
               +--------+--------+--------+--------+--------+-----+--------+

Top non-repeatable levels by time:
     D:4: 843 daAuts
     D:5: 188 daAuts
     D:3: 28 daAuts
  Temple: 13 daAuts
